cohdb
Replays
Latest Replays
All Replays
Popular Replays
Top Player Replays
Match Explorer
How It Works
Community
CoH3 Stats
Reddit
Sign in to upload your games and track your stats! →
Sign in with Steam
Match 27990416
Unlisted
Match 27990416
Overview
Messages
Build Orders
End
Construct Barracks
Selects Airborne Battlegroup
Selects Heavy Machine Gun Paradrop
Heavy Machine Gun Paradrop
1⁄4-ton 4x4 Truck
Riflemen Squad
Riflemen Squad
Grenade Package
Infantry Support Center
Riflemen Squad
Selects Recon Loiter
Selects Supply Drop
Supply Drop
Construct Tank Depot
M4A1 Sherman Medium Tank
Supply Drop
Selects Paratrooper Squad Paradrop
M1918 Browning Automatic Rifles
Demolitions Package
Supply Drop
Selects Anti-tank Gun Team Paradrop
Engineer Squad
Supply Drop
Selects Anti-tank Gun Team Paradrop
M4A1 Sherman Medium Tank
RainbowDurr
^3
0
0
Comments
sign in to comment!
No comments posted yet!